 Dungeon Crawl Stone Soup version 0.29.1-15-g9cfb28693d (webtiles) character file.

Game seed: 4137146289100749678

88 Groucho the Chucker (level 4, 0/32 HPs)
             Began as a Gnoll Wanderer on Apr 5, 2023.
             Succumbed to a goblin's poison
             ... on level 3 of the Dungeon.
             The game lasted 00:05:29 (4003 turns).

Groucho the Chucker (Gnoll Wanderer)                Turns: 4003, Time: 00:05:29

Health: 0/32       AC:  9    Str: 14    XL:     4   Next: 53%
Magic:  17/17      EV: 10    Int: 13    God:
Gold:   111        SH:  0    Dex:  9    Spells: 7/9 levels left

rFire   . . .      SeeInvis .   a - +2 spear
rCold   . . .      Faith    .   (no shield)
rNeg    . . .      Spirit   .   p - +0 ring mail
rPois   .          Reflect  .   (no helmet)
rElec   .          Harm     .   (no cloak)
rCorr   .          Rampage  .   (no gloves)
Will    .....                   (no boots)
Stlth   +.........              h - amulet of magic regeneration
HPRegen 0.10/turn               j - ring of magical power
MPRegen 0.55/turn               l - +4 ring of protection

@: lethally poisoned (0 -> -23)
A: fangs 1, strong nose, distributed training
a: no special abilities


You were on level 3 of the Dungeon.
You visited 1 branch of the dungeon, and saw 4 of its levels.

You collected 111 gold pieces.

Inventory:

Hand Weapons
 a - a +2 spear (weapon)
 c - a +0 dagger
 o - a +0 vampiric whip
Missiles
 b - 8 boomerangs (quivered)
 k - 5 poisoned darts
Armour
 e - a +0 leather armour
 p - a +0 ring mail (worn)
Jewellery
 h - an amulet of magic regeneration (around neck)
 j - a ring of magical power (left hand)
 l - a +4 ring of protection (right hand)
 s - a ring of resist corrosion
 t - a ring of magical power
Scrolls
 d - 2 scrolls of teleportation
 f - a scroll of blinking {unknown}
 g - 6 scrolls of identify {unknown}
 i - a scroll of immolation {unknown}
 r - a scroll of enchant weapon {unknown}
 u - a scroll of vulnerability {unknown}
 v - a scroll of noise {unknown}
Potions
 m - a potion of brilliance {unknown}
 n - 2 potions of heal wounds {unknown}
 q - a potion of flight {unknown}


   Skills:
 + Level 1.2 Fighting
 + Level 1.2 Short Blades
 + Level 1.2 Long Blades
 + Level 1.2 Axes
 + Level 1.2 Maces & Flails
 + Level 4.7 Polearms
 + Level 1.2 Staves
 + Level 1.2 Ranged Weapons
 + Level 6.6 Throwing
 + Level 1.2 Armour
 + Level 1.2 Dodging
 + Level 2.6 Stealth
 + Level 1.2 Shields
 + Level 1.2 Unarmed Combat
 + Level 3.0 Spellcasting
 + Level 1.0 Conjurations
 + Level 1.0 Hexes
 + Level 1.0 Summonings
 + Level 1.0 Necromancy
 + Level 1.0 Translocations
 + Level 1.0 Transmutations
 + Level 5.5 Fire Magic
 + Level 1.0 Ice Magic
 + Level 1.0 Air Magic
 + Level 1.0 Earth Magic
 + Level 1.0 Poison Magic
 + Level 1.3 Invocations
 + Level 1.2 Evocations


You had 7 spell levels left.
You knew the following spells:

 Your Spells              Type           Power      Damage    Failure   Level
a - Foxfire               Conj/Fire      40%        2x1d6     12%         1
b - Magic Dart            Conj           16%        1d3       30%         1

Your spell library contained the following spells:

 Spells                   Type           Power      Damage    Failure   Level
 Conjure Flame            Conj/Fire      10%        6-21      36%         3
 Blink                    Tloc           8%         N/A       43%         2
 Call Imp                 Summ           4%         N/A       43%         2
 Lesser Beckoning         Tloc           4%         N/A       67%         3
 Mephitic Cloud           Conj/Pois/Air  4%         N/A       67%         3
 Manifold Assault         Tloc           4%         N/A       100%        5


Dungeon Overview and Level Annotations

Branches:
Dungeon (4/15)
 Temple: D:4-7

Altars:
Fedhas


Innate Abilities, Weirdness & Mutations

You have very sharp teeth.
Your uncanny sense of smell can sniff out nearby items.
Your experience applies equally to all skills.


Message History

The hobgoblin barely misses you.
Your Conjurations skill increases to level 1!
Your Hexes skill increases to level 1!
Your Summonings skill increases to level 1!
Your Necromancy skill increases to level 1!
Your Translocations skill increases to level 1!
Your Transmutations skill increases to level 1!
Your Ice Magic skill increases to level 1!
Your Air Magic skill increases to level 1!
Your Earth Magic skill increases to level 1!
Your Poison Magic skill increases to level 1!
You hit the hobgoblin.
You kill the hobgoblin!
You barely miss the goblin. You bite the goblin.
The goblin is moderately wounded.
The goblin hits you but does no damage.
You barely miss the goblin. You punch the goblin.
The goblin is severely wounded.
The goblin hits you with a +2 dagger of venom.
You are poisoned.
You barely miss the goblin.
The goblin is heavily wounded.
You feel very sick.
The goblin hits you with a +2 dagger of venom.
The goblin barely misses you.
You are too injured to fight recklessly!
You are too injured to fight recklessly!
You are too injured to fight recklessly!
You are too injured to fight recklessly!
You feel very sick.
The goblin no longer looks unusually strong.
The goblin shoots a sling bullet.
The sling bullet hits you. The goblin hits you with a +0 club.
* * * LOW HITPOINT WARNING * * *
You hear a shout!
The goblin attacks as you move away!
The goblin hits you with a +2 dagger of venom.
* * * LOW HITPOINT WARNING * * *
You are more poisoned.
You die...

#......>.. ..#..#.#
#........ ........
#.......# #.#..#.#
#.......+ #.#<.#.#
#.......## #.#.##.####
#........###.#........
#.>...+............
#.....#.#.####.####
#.@...#.#.####.....
#.....#.#..........
##gg....######.....
####)g....# ######
#.........#
#.........#
##.........# ######
#..........# #....# .
#####'###.....##
#....##..


You could see 3 goblins.

Vanquished Creatures
  Robin (D:3)
  2 adders
  A worm (D:2)
  A dart slug (D:1)
  6 ball pythons
  An endoplasm (D:3)
  3 giant cockroaches
  7 goblins
  7 hobgoblins
  3 jackals
  5 kobolds
  2 quokkas
  6 bats
  A frilled lizard (D:1)
  5 rats
51 creatures vanquished.

Vanquished Creatures (others)
  2 demonic plants (D:1)
  2 plants (D:1)
4 creatures vanquished.

Grand Total: 55 creatures vanquished

Notes
Turn   | Place    | Note
-------+----------+-------------------------------------------
     0 | D:1      | Groucho the Gnoll Wanderer began the quest for the Orb.
     0 | D:1      | Groucho set off with the following items: a +2 spear, 8
                  | boomerangs, a +0 dagger, a scroll of teleportation, a +0
                  | leather armour; and the following spell memorised: Foxfire;
                  | and the following spells available to memorise: Conjure
                  | Flame.
     0 | D:1      | Reached XP level 1. HP: 13/13 MP: 4/4
   952 | D:1      | Reached XP level 2. HP: 19/19 MP: 5/5
  1676 | D:1      | Found a faded altar of an unknown god.
  2480 | D:2      | Reached XP level 3. HP: 25/25 MP: 7/7
  2899 | D:2      | Reached skill level 1 in Invocations
  3107 | D:2      | Learned a level 1 spell: Magic Dart
  3192 | D:2      | Reached skill level 1 in Fighting
  3192 | D:2      | Reached skill level 1 in Short Blades
  3192 | D:2      | Reached skill level 1 in Long Blades
  3192 | D:2      | Reached skill level 1 in Axes
  3192 | D:2      | Reached skill level 1 in Maces & Flails
  3192 | D:2      | Reached skill level 1 in Staves
  3192 | D:2      | Reached skill level 1 in Ranged Weapons
  3192 | D:2      | Reached skill level 1 in Armour
  3192 | D:2      | Reached skill level 1 in Dodging
  3192 | D:2      | Reached skill level 1 in Shields
  3192 | D:2      | Reached skill level 1 in Unarmed Combat
  3192 | D:2      | Reached skill level 1 in Evocations
  3621 | D:3      | Reached XP level 4. HP: 32/32 MP: 8/8
  3659 | D:3      | Found a blossoming altar of Fedhas.
  3682 | D:3      | Noticed Robin
  3997 | D:3      | Killed Robin
  3998 | D:3      | Reached skill level 1 in Conjurations
  3998 | D:3      | Reached skill level 1 in Hexes
  3998 | D:3      | Reached skill level 1 in Summonings
  3998 | D:3      | Reached skill level 1 in Necromancy
  3998 | D:3      | Reached skill level 1 in Translocations
  3998 | D:3      | Reached skill level 1 in Transmutations
  3998 | D:3      | Reached skill level 1 in Ice Magic
  3998 | D:3      | Reached skill level 1 in Air Magic
  3998 | D:3      | Reached skill level 1 in Earth Magic
  3998 | D:3      | Reached skill level 1 in Poison Magic
  4003 | D:3      | Succumbed to a goblin's poison

Illustrated notes

Levels and vault maps discovered:
D:1:      lightli_arrival_statue_moat, layout_basic,
          shapermc_ecumenical_altar_gd, serial_bayou_lagoon_b
D:2:      layout_loops_corners
D:3:      layout_basic, mainiacjoe_overflow_paths, minmay_mini_jars,
          uniq_terence, uniq_sigmund, uniq_grinder, uniq_robin
D:4:      layout_basic, minmay_temple_entry_mist, uniq_ijyb

Skill      XL: |  1  2  3  4 |
---------------+-------------+-----
Invocations    | 1 |  1.3
Fighting       | 1 |  1.2
Short Blades   | 1 |  1.2
Long Blades    | 1 |  1.2
Axes           | 1 |  1.2
Maces & Flails | 1 |  1.2
Staves         | 1 |  1.2
Ranged Weapons | 1 |  1.2
Armour         | 1 |  1.2
Dodging        | 1 |  1.2
Shields        | 1 |  1.2
Unarmed Combat | 1 |  1.2
Evocations     | 1 |  1.2
Spellcasting   | 3 |  3.0
Conjurations   | 1 |  1.0
Hexes          | 1 |  1.0
Summonings     | 1 |  1.0
Necromancy     | 1 |  1.0
Translocations | 1 |  1.0
Transmutations | 1 |  1.0
Ice Magic      | 1 |  1.0
Air Magic      | 1 |  1.0
Earth Magic    | 1 |  1.0
Poison Magic   | 1 |  1.0
Polearms       | |  4.7
Throwing       | |  6.6
Stealth        | |  2.6
Fire Magic     | |  5.5

Action                   |  1- 3 |  4- 6 || total
-------------------------+-------+-------++-------
Melee: Spear             |   161 |    39 ||   200
       Bite              |     9 |     7 ||    16
       Punch             |       |     1 ||     1
 Stab: Sleeping          |     1 |       ||     1
Armor: Leather armour    |     9 |       ||     9
       Ring mail         |    30 |    45 ||    75
Dodge: Dodged            |    74 |    38 ||   112
